 Dungeon Crawl Stone Soup version 0.23-a0-393-g6e9e0f2070 (webtiles) character file.

5912 PikkenKukken the Martial Artist (level 10, -14/91 HPs)
             Began as a Gnoll Transmuter on Oct 31, 2018.
             Was an Elder of Kikubaaqudgha.
             Demolished by a two-headed ogre
             ... wielding a cursed -3 giant spiked club
              (20 damage)
             ... on level 7 of the Dungeon.
             The game lasted 00:30:18 (10854 turns).

PikkenKukken the Martial Artist (Gnoll Transmuter) Turns: 10854, Time: 00:30:20

Health: -14/91     AC:  6    Str: 13    XL:     10   Next: 82%
Magic:  17/21      EV: 14    Int: 18    God:    Kikubaaqudgha [****..]
Gold:   369        SH:  0    Dex: 16    Spells: 10/24 levels left

rFire    x . .     SeeInvis .     - Unarmed
rCold    + + +     Gourm    .   (shield currently unavailable)
rNeg     . . .     Faith    .   (armour currently unavailable)
rPois    +         Spirit   .   (helmet currently unavailable)
rElec    .         Reflect  .   (cloak currently unavailable)
rCorr    .         Harm     .   (gloves currently unavailable)
MR       .....                  (boots currently unavailable)
Stlth    +++.......             (no amulet)
HPRegen  0.25/turn              l - ring of poison resistance
MPRegen  0.17/turn              c - ring of protection from cold

@: ice-form
A: large, distributed training, strong nose
a: End Transformation, Receive Corpses, Renounce Religion


You were on level 7 of the Dungeon.
You worshipped Kikubaaqudgha.
Kikubaaqudgha was greatly pleased with you.
You were not hungry.
You were a creature of crystalline ice.
You visited 2 branches of the dungeon, and saw 10 of its levels.
You also visited: Sewer.

You collected 441 gold pieces.
You spent 72 gold pieces at shops.

Inventory:

Missiles
 a - 9 arrows
Armour
 b - a +0 robe (melded)
 h - a +0 buckler (melded)
Jewellery
 c - a ring of protection from cold (right front paw)
 j - an uncursed ring of resist corrosion
 l - a ring of poison resistance (left front paw)
 s - an uncursed ring of fire
Wands
 f - a wand of enslavement (4)
 i - a wand of random effects (29)
 C - a wand of iceblast (11)
Scrolls
 k - 5 scrolls of identify
 o - 8 scrolls of teleportation
 q - a scroll of amnesia
 v - a scroll of fog
 y - a scroll of fear
 A - 3 scrolls of magic mapping
 D - 2 scrolls of enchant weapon
Potions
 e - 5 potions of might
 g - a potion of flight {unknown}
 m - 2 potions of invisibility
 n - 4 potions of curing
 p - 3 potions of brilliance
 r - a potion of mutation {unknown}
 t - 3 potions of haste
 u - a potion of lignification {unknown}
 w - a potion of resistance
 x - 5 potions of heal wounds
 B - a potion of magic
Comestibles
 d - 14 rations


   Skills:
 + Level 6.2 Fighting
 + Level 5.5 Short Blades
 + Level 5.5 Long Blades
 + Level 5.5 Axes
 + Level 5.5 Maces & Flails
 + Level 5.5 Polearms
 + Level 5.5 Staves
 + Level 5.5 Slings
 + Level 5.5 Bows
 + Level 5.5 Crossbows
 + Level 5.5 Throwing
 + Level 5.5 Armour
 + Level 7.3 Dodging
 + Level 5.5 Stealth
 + Level 5.5 Shields
 + Level 8.7 Unarmed Combat
 + Level 7.5 Spellcasting
 + Level 4.5 Conjurations
 + Level 4.5 Hexes
 + Level 4.5 Charms
 + Level 4.5 Summonings
 + Level 4.5 Necromancy
 + Level 4.5 Translocations
 + Level 6.0 Transmutations
 + Level 4.5 Fire Magic
 + Level 4.5 Ice Magic
 + Level 4.5 Air Magic
 + Level 4.5 Earth Magic
 + Level 4.5 Poison Magic
 + Level 6.1 Invocations
 + Level 5.5 Evocations


You had 10 spell levels left.
You knew the following spells:

 Your Spells              Type           Power        Failure   Level  Hunger
a - Beastly Appendage     Tmut           ####..       1%          1    None
b - Sticks to Snakes      Tmut           ####....     1%          2    None
c - Spider Form           Tmut/Pois      ####......   3%          3    #......
d - Regeneration          Chrm/Necr      ###.......   4%          3    #......
e - Confusing Touch       Hex            ###...       1%          1    None
f - Ice Form              Ice/Tmut       ####....     12%         4    ###....

Your spell library contained the following spells:

 Spells                   Type           Power        Failure   Level  Hunger
 Animate Skeleton         Necr           N/A          1%          1    None
 Apportation              Tloc           ###...       1%          1    None
 Flame Tongue             Conj/Fire      ###..        1%          1    None
 Pain                     Necr           ###.         1%          1    None
 Summon Small Mammal      Summ           ###.         1%          1    None
 Corpse Rot               Necr           N/A          2%          2    None
 Sublimation of Blood     Necr           ###.......   2%          2    None
 Throw Flame              Conj/Fire      ###...       2%          2    None
 Conjure Flame            Conj/Fire      ###.....     4%          3    #......
 Inner Flame              Hex/Fire       ###.....     4%          3    #......
 Sticky Flame             Conj/Fire      ###.....     16%         4    ###....
 Blade Hands              Tmut           ####......   24%         5    #####..
 Agony                    Necr           ###.....     41%         5    #####..
 Borgnjor's Vile Clutch   Necr/Erth      ###.......   41%         5    #####..
 Dispel Undead            Necr           ###.....     41%         5    #####..
 Fireball                 Conj/Fire      ###.......   41%         5    #####..
 Death Channel            Necr           ###.......   94%         6    ######.
 Simulacrum               Ice/Necr       ###.......   94%         6    ######.


Dungeon Overview and Level Annotations

Branches:
Dungeon (9/15)             Temple (1/1) D:4
   Lair: D:8-11         Orc: D:9-12

Altars:
Ashenzari
Dithmenos
Elyvilon
Fedhas
Gozag
Hepliaklqana
Kikubaaqudgha
Okawaru
Qazlal
Ru
Sif Muna
Uskayaw
Wu Jian
Xom
The Shining One
Jiyva

Shops:
D:5 *

Annotations:
D:7 Harold
D:8 3 runed doors, Zigma's ghost, novice DrMo
D:9 temitten's ghost, novice BaFi


Innate Abilities, Weirdness & Mutations

Your experience applies equally to all skills.
((You have very sharp teeth.))
Your uncanny sense of smell can sniff out nearby items.


Message History

You see here a short smoking staff.
Casting: Ice Form (safe; 12% risk of failure)
Confirm with . or Enter, or press ? or * to list all spells.
Your front paws begin to glow red.
The two-headed ogre shouts in stereo!
You hit the two-headed ogre but do no damage.
The two-headed ogre hits you with a cursed -3 giant spiked club!!
The two-headed ogre hits you with a +0 giant club!
You hit the two-headed ogre but do no damage.
The two-headed ogre barely misses you.
The two-headed ogre hits you with a +0 giant club!!
* * * LOW HITPOINT WARNING * * *
You hit the two-headed ogre but do no damage.
You hit the two-headed ogre but do no damage.
The two-headed ogre appears confused.
The two-headed ogre hits you with a cursed -3 giant spiked club!
* * * LOW HITPOINT WARNING * * *
The two-headed ogre hits you with a +0 giant club!!
You die...
Kikubaaqudgha rasps: "You have failed me!
Welcome... death!"

#..##.##.#.###.#..#..#..#
#..###!##').[..'##(###..#
#..#.##.##.###.#..#..#..#
#..##÷"#.#..#..#..[###..#
#..###'###########'###(.#
#..##)/((##.#.###....#..# ##
#..#.#####.#[#.#.#...#..# .#
#..##....##O#)#'.###.#..# .#
#).#.##### #Y#.#...#.#..# .#
#..##...%##.#.##....##..# .#
#..###'###############..# .#
#..#?#...####.##....$#..#
.####..#.#.#.#(#†#.#.#####..#
.......#.#.#().#.#.'.....'..#
.......#.#.#.#.#.#.#.#####..#
#
.......#...#$##.####....(#..#
#
.[.....###################..##
#


You could see a two-headed ogre (confused).

Vanquished Creatures
  A two-headed ogre (D:8)
  A manticore (D:7)
  Joseph (D:7)
  A troll (D:7)
  Prince Ribbit (D:7)
  A slime creature (D:7)
  A meliai zombie (D:5)
  Sigmund (D:6)
  A wyvern (D:8)
  4 hungry ghosts
  Duvessa (D:6)
  A sky beast (D:7)
  3 orc warriors
  2 ice beasts
  A necrophage (D:8)
  A centaur (D:7)
  2 ogres (D:5)
  A big kobold (D:8)
  7 bullfrogs
  Dowan (D:6)
  A scorpion (D:7)
  4 wights (D:6)
  3 crimson imps
  6 orc priests
  2 jellies
  A centaur skeleton (D:5)
  8 hounds
  An orc wizard (D:8)
  2 bullfrog skeletons (D:5)
  An iguana (D:7)
  Natasha (twice) (D:3)
  2 worker ants
  2 hound skeletons
  A worker ant zombie (D:5)
  12 adders
  3 river rats (Sewer)
  3 oozes
  2 adder skeletons
  3 worms
  3 dart slugs
  3 leopard geckos
  33 orcs
  9 giant cockroaches
  10 goblins
  7 hobgoblins
  6 jackals
  5 quokkas
  13 ball pythons
  12 bats
  6 frilled lizards
  4 hobgoblin zombies (D:6)
  A jackal zombie (D:5)
  10 kobolds
  A kobold skeleton (D:6)
  A kobold zombie (D:6)
  2 leopard gecko skeletons
  A quokka zombie (D:5)
  36 rats
255 creatures vanquished.

Vanquished Creatures (collateral kills)
  A water moccasin (D:5)
  An orc warrior (D:9)
  Natasha (D:3)
  An adder (Sewer)
  2 worms (D:3)
  2 orcs
  A ball python (Sewer)
  A rat (Sewer)
10 creatures vanquished.

Grand Total: 265 creatures vanquished

Notes
Turn   | Place    | Note
-------+----------+-------------------------------------------
     0 | D:1      | PikkenKukken the Gnoll Transmuter began the quest for the
                  | Orb.
     0 | D:1      | Reached XP level 1. HP: 17/17 MP: 6/6
   175 | D:1      | Reached XP level 2. HP: 23/23 MP: 7/7
   188 | D:1      | Learned a level 2 spell: Sticks to Snakes
   524 | D:2      | Reached XP level 3. HP: 6/28 MP: 5/9
   540 | D:2      | HP: 1/28 [poisoned by an adder]
   852 | D:2      | Reached skill level 5 in Spellcasting
  1000 | D:2      | Reached skill level 1 in Invocations
  1220 | D:2      | Reached skill level 1 in Short Blades
  1220 | D:2      | Reached skill level 1 in Long Blades
  1220 | D:2      | Reached skill level 1 in Axes
  1220 | D:2      | Reached skill level 1 in Maces & Flails
  1220 | D:2      | Reached skill level 1 in Polearms
  1220 | D:2      | Reached skill level 1 in Staves
  1220 | D:2      | Reached skill level 1 in Slings
  1220 | D:2      | Reached skill level 1 in Bows
  1220 | D:2      | Reached skill level 1 in Crossbows
  1220 | D:2      | Reached skill level 1 in Throwing
  1220 | D:2      | Reached skill level 1 in Armour
  1220 | D:2      | Reached skill level 1 in Stealth
  1220 | D:2      | Reached skill level 1 in Shields
  1220 | D:2      | Reached skill level 1 in Evocations
  1506 | D:2      | Reached XP level 4. HP: 34/34 MP: 9/11
  2039 | D:3      | Noticed Natasha
  2071 | D:3      | Killed Natasha
  2079 | D:3      | Reached skill level 1 in Conjurations
  2079 | D:3      | Reached skill level 1 in Hexes
  2079 | D:3      | Reached skill level 1 in Charms
  2079 | D:3      | Reached skill level 1 in Summonings
  2079 | D:3      | Reached skill level 1 in Necromancy
  2079 | D:3      | Reached skill level 1 in Translocations
  2079 | D:3      | Reached skill level 1 in Fire Magic
  2079 | D:3      | Reached skill level 1 in Ice Magic
  2079 | D:3      | Reached skill level 1 in Air Magic
  2079 | D:3      | Reached skill level 1 in Earth Magic
  2079 | D:3      | Reached skill level 1 in Poison Magic
  2428 | D:3      | Found an iron altar of Okawaru.
  2454 | D:3      | Found a faded altar of an unknown god.
  2493 | D:3      | Reached XP level 5. HP: 34/40 MP: 8/12
  2628 | D:3      | Noticed Natasha
  2635 | D:3      | Killed Natasha
  2642 | D:3      | Noticed Natasha
  2648 | D:3      | Killed Natasha
  2903 | D:4      | Found a staircase to the Ecumenical Temple.
  2912 | Temple   | Entered the Ecumenical Temple
  2940 | Temple   | Became a worshipper of Kikubaaqudgha
  3110 | D:4      | Reached XP level 6. HP: 22/47 MP: 13/13
  3741 | D:5      | Entered Level 5 of the Dungeon
  3757 | D:5      | Reached skill level 5 in Dodging
  3924 | D:4      | Learned a level 3 spell: Spider Form
  3972 | D:5      | Noticed a water moccasin
  3981 | D:5      | Killed a water moccasin
  3981 | D:5      | Reached XP level 7. HP: 49/52 MP: 6/15
  4000 | D:5      | Found a shattered altar of Ashenzari.
  4169 | D:5      | Reached skill level 7 in Unarmed Combat
  4454 | D:5      | Reached * piety under Kikubaaqudgha
  4454 | D:5      | Identified Kikubaaqudgha's Handbook of Sinister Arts
                  | (Kikubaaqudgha gifted it to you on level 5 of the Dungeon)
  4454 | D:5      | Received a gift from Kikubaaqudgha
  4472 | D:5      | Learned a level 3 spell: Regeneration
  5020 | D:5      | Reached XP level 8. HP: 60/60 MP: 13/16
  5116 | D:5      | Learned a level 1 spell: Confusing Touch
  5158 | D:5      | Found Qialahok's Assorted Antiques.
  5167 | D:5      | Bought a scroll of remove curse for 72 gold pieces
  5306 | D:6      | Noticed Duvessa
  5306 | D:6      | Noticed Dowan
  5319 | D:6      | Killed Duvessa
  5321 | D:6      | Killed Dowan
  5555 | D:6      | Found a glowing golden altar of the Shining One.
  5558 | D:6      | Noticed Sigmund
  5590 | D:6      | Found a shimmering altar of Xom.
  5671 | D:6      | Killed Sigmund
  5690 | D:6      | Found a glowing drain.
  5718 | D:6      | Reached ** piety under Kikubaaqudgha
  5727 | Sewer    | Entered a sewer
  6088 | Sewer    | Reached XP level 9. HP: 66/66 MP: 15/18
  6091 | Sewer    | Reached skill level 5 in Transmutations
  6105 | Sewer    | Reached *** piety under Kikubaaqudgha
  6105 | Sewer    | Identified Kikubaaqudgha's Handbook of Evil (Kikubaaqudgha
                  | gifted it to you in a sewer)
  6105 | Sewer    | Received a gift from Kikubaaqudgha
  6197 | D:6      | Found a shimmering altar of Xom.
  6604 | D:6      | Found an ornate altar of the Wu Jian Council.
  7125 | D:7      | Noticed Harold
  7134 | D:7      | Found a sacrificial altar of Ru.
  7135 | D:7      | Noticed Prince Ribbit
  7352 | D:7      | Found a blossoming altar of Fedhas.
  7490 | D:7      | Reached skill level 5 in Fighting
  7565 | D:7      | Found a stormy altar of Qazlal.
  7751 | D:7      | You fall through a shaft for 2 floors!
  7757 | D:9      | Noticed temitten's ghost (novice BaFi)
  7976 | D:8      | Reached skill level 8 in Unarmed Combat
  8020 | D:8      | Reached skill level 5 in Invocations
  8024 | D:8      | Reached **** piety under Kikubaaqudgha
  8187 | D:8      | Reached XP level 10. HP: 71/74 MP: 16/20
  8214 | D:8      | Found a hide-covered altar of Uskayaw.
  8455 | D:8      | Found a runed gate.
  8455 | D:8      | Found a runed gate.
  8455 | D:8      | Found a runed gate.
  8460 | D:8      | Noticed Zigma's ghost (novice DrMo)
  8631 | D:8      | Noticed a two-headed ogre
  9103 | D:8      | Learned a level 4 spell: Ice Form
  9172 | D:8      | Killed a two-headed ogre
  9172 | D:8      | Reached skill level 5 in Short Blades
  9172 | D:8      | Reached skill level 5 in Long Blades
  9172 | D:8      | Reached skill level 5 in Axes
  9172 | D:8      | Reached skill level 5 in Maces & Flails
  9172 | D:8      | Reached skill level 5 in Polearms
  9172 | D:8      | Reached skill level 5 in Staves
  9172 | D:8      | Reached skill level 5 in Slings
  9172 | D:8      | Reached skill level 5 in Bows
  9172 | D:8      | Reached skill level 5 in Crossbows
  9172 | D:8      | Reached skill level 5 in Throwing
  9172 | D:8      | Reached skill level 5 in Armour
  9172 | D:8      | Reached skill level 5 in Stealth
  9172 | D:8      | Reached skill level 5 in Shields
  9172 | D:8      | Reached skill level 5 in Evocations
  9817 | D:7      | Killed Prince Ribbit
 10166 | D:7      | Noticed a manticore
 10210 | D:7      | HP: 2/76 [troll (15)]
 10380 | D:7      | Identified the +9 short sword "Amueps" {speed, Int+5}
 10380 | D:7      | Identified the +5 scale mail of the Enchanted Forest
                  | {Str+2}
 10380 | D:7      | Noticed Joseph
 10399 | D:7      | Killed Joseph
 10649 | D:7      | Killed a manticore
 10849 | D:7      | Noticed a two-headed ogre
 10854 | D:7      | Demolished by a two-headed ogre

Vault maps used:
D:1:      evilmike_arrival_rings
D:3:      kennysheep_big_flooded_room, chequers_ecumenical_altar_simple_redux,
          okawaru_gym_becter, uniq_natasha
D:4:      lemuel_temple_firewalk_a, first_ration
D:5:      serial_shops, shop, nicolae_ashenzari_panopticon
D:6:      nicolae_tso_besieged_by_evil, xom_redecorated, old_standard_altar,
          portal_sewer_entry_c, minivault_5, uniq_sigmund, uniq_duvessa
D:7:      minmay_the_grid_square_5x5_3x3, fedhas_bush_and_centaur_altar,
          nicolae_qazlal_eye_of_the_storm, nicolae_overflow_crystal_walls,
          uniq_prince_ribbit1, uniq_harold, uniq_joseph
D:8:      eat_drink_and_be_merry_uskayaw, ebering_ghost_rock_garden
D:9:      grunt_temple_overflow_lords_of_destruction, orc_0_dummy, basic_altar,
          hellmonk_ghost_happy_afterlife
Temple:   pf_slime_end_temple
Sewer:    sewer_minmay_w

Skill      XL: |  1  2  3  4  5  6  7  8  9 10 |
---------------+-------------------------------+-----
Spellcasting   | 5 6 7 |  7.5
Invocations    | 1 2 3 4 5 6 |  6.1
Short Blades   | 1 2 3 4 5 |  5.5
Long Blades    | 1 2 3 4 5 |  5.5
Axes           | 1 2 3 4 5 |  5.5
Maces & Flails | 1 2 3 4 5 |  5.5
Polearms       | 1 2 3 4 5 |  5.5
Staves         | 1 2 3 4 5 |  5.5
Slings         | 1 2 3 4 5 |  5.5
Bows           | 1 2 3 4 5 |  5.5
Crossbows      | 1 2 3 4 5 |  5.5
Throwing       | 1 2 3 4 5 |  5.5
Armour         | 1 2 3 4 5 |  5.5
Stealth        | 1 2 3 4 5 |  5.5
Shields        | 1 2 3 4 5 |  5.5
Evocations     | 1 2 3 4 5 |  5.5
Conjurations   | 1 2 3 4 |  4.5
Hexes          | 1 2 3 4 |  4.5
Charms         | 1 2 3 4 |  4.5
Summonings     | 1 2 3 4 |  4.5
Necromancy     | 1 2 3 4 |  4.5
Translocations | 1 2 3 4 |  4.5
Fire Magic     | 1 2 3 4 |  4.5
Ice Magic      | 1 2 3 4 |  4.5
Air Magic      | 1 2 3 4 |  4.5
Earth Magic    | 1 2 3 4 |  4.5
Poison Magic   | 1 2 3 4 |  4.5
Fighting       | 3 4 5 6 |  6.2
Transmutations | 4 5 6 |  6.0
Dodging        | 5 6 7 |  7.3
Unarmed Combat | 7 8 |  8.7

Action                   |  1- 3 |  4- 6 |  7- 9 | 10-12 || total
-------------------------+-------+-------+-------+-------++-------
Melee: Unarmed           |    79 |   145 |   439 |   153 ||   816
       Kick              |     6 |     8 |       |       ||    14
       Headbutt          |     7 |    14 |       |       ||    21
       Bite              |    10 |    13 |    24 |     7 ||    54
       Punch             |     4 |     6 |     1 |       ||    11
 Cast: Beastly Appendage |    20 |    23 |       |       ||    43
       Sticks to Snakes  |     2 |    22 |    14 |     6 ||    44
       Spider Form       |       |     1 |    31 |    11 ||    43
       Regeneration      |       |       |    11 |    14 ||    25
       Confusing Touch   |       |       |     2 |    16 ||    18
       Ice Form          |       |       |       |     4 ||     4
 Abil: End Transformatio |       |       |     1 |       ||     1
  Use: Scroll            |     6 |     2 |    11 |     3 ||    22
       Potion            |     1 |       |     2 |       ||     3
 Stab: Sleeping          |     5 |     2 |     6 |     4 ||    17
       Distracted        |       |     2 |     3 |       ||     5
       Confused          |       |       |     1 |     8 ||     9
  Eat: Chunk             |     2 |     8 |    11 |     2 ||    23
       Ration            |       |       |     2 |     3 ||     5
Armor: Robe              |     9 |     8 |    14 |     2 ||    33
       Skin              |       |       |    13 |     3 ||    16
Dodge: Dodged            |    48 |    90 |   416 |    85 ||   639
Block: Buckler           |       |       |    13 |    11 ||    24

Table legend:
 A = Non-vault XP
 B = Vault XP
 C = Vault XP percentage of total XP
 D = Non-vault monster count
 E = Vault monster count
 F = Vault count percentage of total count
                 A         B        C        D         E       F
            +---------+---------+-------+---------+---------+-------
      Total |    5391 |    3055 |  36.2 |     184 |      81 |  30.6
            +---------+---------+-------+---------+---------+-------
        D:1 |      18 |       0 |   0.0 |      12 |       0 |   0.0
        D:2 |      76 |       0 |   0.0 |      31 |       0 |   0.0
        D:3 |      99 |      36 |  26.7 |      21 |       3 |  12.5
        D:4 |     190 |       0 |   0.0 |      22 |       0 |   0.0
        D:5 |     799 |       0 |   0.0 |      18 |       0 |   0.0
        D:6 |     844 |     436 |  34.1 |      30 |      16 |  34.8
        D:7 |     626 |    2251 |  78.2 |      14 |      14 |  50.0
        D:8 |    2604 |       0 |   0.0 |      31 |       0 |   0.0
        D:9 |     135 |       0 |   0.0 |       5 |       0 |   0.0
      Sewer |       0 |     332 | 100.0 |       0 |      48 | 100.0
            +---------+---------+-------+---------+---------+-------
